 Dungeon Sprint DCSS version 0.28-a0-206-gc2c9e32840 (webtiles) character file.

Game seed: 17494593063154578065

32725 MikeHunt the Black Belt (level 13, -1/114 HPs)
             Began as a Demonspawn Monk on Aug 21, 2021.
             Was the Champion of Cheibriados.
             Slain by a nagaraja (3 damage)
             ... in the Dungeon (Sprint IX: "|||||||||||||||||||||||||||||").
             The game lasted 00:13:09 (2594 turns).

MikeHunt the Black Belt (Demonspawn Monk)           Turns: 2594, Time: 00:13:10

Health: -1/114     AC: 28    Str: 30    XL:     13   Next: 32%
Magic:  19/20      EV: 23    Int: 27    God:    Cheibriados [******]
Gold:   744        SH:  0    Dex: 32    Spells: 7/12 levels left

rFire   + + .      SeeInvis .     - Unarmed
rCold   + . .      Faith    .   (no shield)
rNeg    . . .      Spirit   .   s - +2 plate armour {rF+}
rPois   .          Reflect  .   a - +1 helmet
rElec   .          Harm     .   h - +0 cloak
rCorr   .          Rampage  .   i - +0 pair of gloves
Will    .....      NoTele   +   k - +1 pair of boots
Stlth   ..........              (no amulet)
HPRegen 0.29/turn               w - ring of protection from cold
MPRegen 0.17/turn               t - ring of protection from fire

@: lethally poisoned (-1 -> -36), slowed, very slow
A: hooves 2, slimy green scales 1, foul stench 1, powered by pain 1
a: Renounce Religion, Bend Time, Temporal Distortion, Slouch, Step From Time


You were in the Dungeon.
You worshipped Cheibriados.
Cheibriados was exalted by your worship.
You visited 1 branch You collected 1632 gold pieces.
You spent 888 gold pieces at shops.

Inventory:

Missiles
 v - 5 javelins (quivered)
Armour
 a - a +1 helmet (worn)
 c - a +1 kite shield of fire resistance
 h - a +0 cloak (worn)
 i - a +0 pair of gloves (worn)
 k - a +1 pair of boots (worn)
 s - a +2 plate armour of fire resistance (worn)
Jewellery
 t - a ring of protection from fire (right hand)
 w - a ring of protection from cold (left hand)
 x - a ring of protection from cold
 y - a ring of poison resistance
Wands
 u - a wand of acid (4)
Scrolls
 f - 2 scrolls of blinking
 g - 2 scrolls of enchant armour
 m - 4 scrolls of identify
 n - a scroll of fear
 o - 3 scrolls of fog
 p - 3 scrolls of enchant weapon
Potions
 b - a potion of curing
 d - 9 potions of heal wounds
 e - 3 potions of magic
 j - a potion of brilliance


   Skills:
 + Level 14.8 Fighting
 + Level 14.1 Armour
 + Level 15.3 Dodging
 - Level 1.7 Stealth
 * Level 18.4 Unarmed Combat
 - Level 10.0 Invocations
 - Level 9.5 Evocations


You had 7 spell levels left.
You knew the following spells:

 Your Spells              Type           Power      Damage    Failure   Level
a - Freezing Cloud        Conj/Ice/Air   0%         6-21      100%        5

Your spell library contained the following spells:

 Spells                   Type           Power      Damage    Failure   Level
 Corpse Rot               Necr/Air       N/A        N/A       71%         2
 Poisonous Vapours        Pois/Air       0%         N/A       71%         2
 Malign Gateway           Summ/Tloc      0%         N/A       100%        7
 Summon Horrible Things   Summ           0%         N/A       100%        8


Dungeon Overview and Level Annotations

Branches:
Dungeon (1/1)

Altars:
Cheibriados
Dithmenos
Elyvilon
Fedhas
Gozag
Hepliaklqana
Kikubaaqudgha
Makhleb
Nemelex Xobeh
Okawaru
Qazlal
Ru
Sif Muna
Trog
Uskayaw
Vehumet
Wu Jian
Xom
Yredelemnul
Zin
The Shining One
Beogh
Jiyva
Lugonu

Shops:
D :*!=


Innate Abilities, Weirdness & Mutations

You have hoof-like feet.
You are partially covered in slimy green scales. (AC +2)
You may rarely emit foul miasma when damaged in melee.
You sometimes gain a little power by taking damage.


Message History

You feel sick.
The nagaraja hits you but does no damage.
The nagaraja constricts you. The nagaraja completely misses you.
The nagaraja constricts you.
You can feel time thicken for a moment.
You kill the naga mage!
Cheibriados appreciates the change of pace.
You kill the naga mage!
Cheibriados appreciates the change of pace.
You feel sick.
The nagaraja hits you but does no damage.
The nagaraja constricts you. The nagaraja spits poison at you.
The splash of poison misses you. The nagaraja constricts you.
You feel better. The nagaraja hits you with a +0 club!
The nagaraja constricts you.
The naga sharpshooter unwields a +0 hand axe.
The naga sharpshooter wields a +0 shortbow.
The naga sharpshooter gestures wildly while chanting.
The naga sharpshooter magically shoots an arrow.
The arrow hits you but does no damage. The nagaraja barely misses you.
The nagaraja constricts you.
You escape the nagaraja's grasp.
The nagaraja no longer looks unusually strong.
The nagaraja points at you and mumbles some strange words.
The poison arrow hits you!!
You are poisoned.
* * * LOW HITPOINT WARNING * * *
You focus on the pain.
You feel your power returning. The nagaraja spits poison at you.
The splash of poison hits you.
You are more poisoned.
You have difficulty breathing.
* * * LOW HITPOINT WARNING * * *
You feel as though you will be slow longer.
* * * LOW HITPOINT WARNING * * *
The naga sharpshooter casts a spell.
The naga sharpshooter magically shoots an arrow.
The arrow completely misses you. The nagaraja hits you with a +0 club.
You die...

.▓.▓'▓.▓.▓.▓.▓.▓.▓
.▓.▓!▓.▓.▓.▓.▓.▓.▓
.▓.▓.▓.▓.▓.▓'▓.▓.▓
'▓.▓.▓.▓.▓.▓.▓.▓.▓
.▓.▓.▓.▓.▓.▓.▓.▓.▓
†▓.▓.▓.▓.▓.▓.▓.▓.▓
.▓.▓.▓.▓)▓.▓=▓.▓.▓
.▓.▓[▓.▓)▓)▓.▓.▓.▓
.▓.▓.▓.▓)▓.▓)▓)▓@▓
'▓.▓.▓.▓)▓.▓)▓.▓N▓
_▓.▓.▓.▓)▓.▓)▓.▓N▓
_▓.▓.▓.▓)▓.▓)▓.▓)▓
_▓.▓.▓.▓)▓.▓)▓.▓N▓
_▓.▓†▓.▓.▓.▓)▓.▓.▓
_▓.▓'▓.▓)▓.▓)▓.▓)▓
_▓.▓†▓.▓.▓.▓)▓.▓)▓
_▓.▓†▓.▓.▓.▓.▓.▓.▓


You could see a naga warrior, a nagaraja (fast, curare) and a naga sharpshooter
(strong).

Vanquished Creatures
  A frost giant (D)
  A dire elephant (D)
  A fire dragon (D)
  An ettin (D)
  A rakshasa (D)
  3 hydras (D)
  5 ogre magi (D)
  A boulder beetle (D)
  3 centaur warriors (D)
  Erica (D)
  2 anacondas (D)
  6 two-headed ogres (D)
  Urug (D)
  Nergalle (D)
  A glowing orange brain (D)
  A wizard (D)
  An ugly thing (D)
  3 orc knights (D)
  A manticore (D)
  A cyclops (D)
  2 orc sorcerers (D)
  3 naga magi (D)
  2 black mambas (D)
  3 cane toads (D)
  7 elephants (D)
  An unseen horror (D)
  Psyche (D)
  A komodo dragon (D)
  2 trolls (D)
  3 slime creatures (D)
  A dream sheep (D)
  3 wyverns (D)
  A yak (D)
  A basilisk (D)
  5 water moccasins (D)
  A necrophage (D)
  9 orc warriors (D)
  4 ogres (D)
  A centaur (D)
  A wight (D)
  A howler monkey (D)
  A hound (D)
  5 orc priests (D)
  An iguana (D)
  6 orcs (D)
  A bat (D)
  A hobgoblin (D)
  A quokka (D)
  A ball python simulacrum (D)
  A quokka skeleton (D)
  2 rats (D)
109 creatures vanquished.

Vanquished Creatures (others)
  A wizard (D)
  A shadow (D)
2 creatures vanquished.

Grand Total: 111 creatures vanquished

Notes
Turn   | Place    | Note
-------+----------+-------------------------------------------
     0 | D        | MikeHunt the Demonspawn Monk began the quest for the Orb.
     0 | D        | Reached XP level 1. HP: 18/18 MP: 1/1
     7 | D        | Reached skill level 3 in Unarmed Combat
    68 | D        | Noticed a howler monkey
    68 | D        | Noticed an iguana
    68 | D        | Noticed a hound
    68 | D        | Noticed a necrophage
    75 | D        | Killed a howler monkey
    76 | D        | Reached skill level 5 in Unarmed Combat
    76 | D        | Gained mutation: You are partially covered in slimy green
                  | scales. (AC +2) [demonic ancestry]
    76 | D        | Reached XP level 2. HP: 12/24 MP: 2/2
    76 | D        | Gained mutation: You have large cloven feet. [demonic
                  | ancestry]
    76 | D        | Reached XP level 3. HP: 15/29 MP: 3/3
    82 | D        | Reached skill level 6 in Unarmed Combat
    82 | D        | Reached XP level 4. HP: 14/35 MP: 4/4
    90 | D        | Reached skill level 5 in Dodging
    90 | D        | Reached skill level 7 in Unarmed Combat
   103 | D        | Killed a necrophage
   104 | D        | Reached skill level 8 in Unarmed Combat
   104 | D        | Reached XP level 5. HP: 29/41 MP: 5/5
   112 | D        | Found a snail-covered altar of Cheibriados.
   112 | D        | Found a shadowy altar of Dithmenos.
   112 | D        | Found a blossoming altar of Fedhas.
   112 | D        | Found an opulent altar of Gozag.
   113 | D        | Found a hazy altar of Hepliaklqana.
   114 | D        | Found a viscous altar of Jiyva.
   115 | D        | Found an ancient bone altar of Kikubaaqudgha.
   116 | D        | Became a worshipper of Cheibriados the Contemplative
   116 | D        | Reached * piety under Cheibriados
   116 | D        | Reached ** piety under Cheibriados
   117 | D        | Found a corrupted altar of Lugonu.
   118 | D        | Found a burning altar of Makhleb.
   119 | D        | Found a sparkling altar of Nemelex Xobeh.
   120 | D        | Found an iron altar of Okawaru.
   121 | D        | Found a stormy altar of Qazlal.
   122 | D        | Found a sacrificial altar of Ru.
   123 | D        | Found a shimmering blue altar of Sif Muna.
   124 | D        | Found a bloodstained altar of Trog.
   125 | D        | Found a hide-covered altar of Uskayaw.
   126 | D        | Found a radiant altar of Vehumet.
   127 | D        | Found an ornate altar of the Wu Jian Council.
   128 | D        | Found a shimmering altar of Xom.
   129 | D        | Found a basalt altar of Yredelemnul.
   181 | D        | Noticed a troll
   181 | D        | Noticed a troll
   181 | D        | Noticed a shadow
   181 | D        | Noticed a centaur
   181 | D        | Noticed a wyvern
   190 | D        | Killed a troll
   191 | D        | Reached skill level 10 in Unarmed Combat
   191 | D        | Reached XP level 6. HP: 28/47 MP: 5/9
   198 | D        | Killed a troll
   199 | D        | Reached skill level 5 in Invocations
   199 | D        | Gained mutation: You have hoof-like feet. [demonic
                  | ancestry]
   199 | D        | Reached XP level 7. HP: 40/52 MP: 5/11
   199 | D        | Reached *** piety under Cheibriados
   200 | D        | Killed a shadow
   204 | D        | Killed a wyvern
   207 | D        | Reached skill level 11 in Unarmed Combat
   404 | D        | Noticed a slime creature
   404 | D        | Noticed a slime creature
   404 | D        | Noticed a slime creature
   404 | D        | Noticed a cyclops
   404 | D        | Noticed a manticore
   421 | D        | Killed a slime creature
   421 | D        | Reached **** piety under Cheibriados
   422 | D        | Reached skill level 5 in Evocations
   422 | D        | Killed a slime creature
   423 | D        | Reached skill level 5 in Armour
   423 | D        | Reached XP level 8. HP: 16/60 MP: 11/13
   423 | D        | Killed a slime creature
   427 | D        | HP: 1/61 [cyclops (25)]
   434 | D        | Killed a cyclops
   435 | D        | Reached skill level 5 in Fighting
   435 | D        | Killed an unseen horror
   438 | D        | Killed a manticore
   439 | D        | Reached skill level 10 in Invocations
   439 | D        | Reached XP level 9. HP: 10/71 MP: 10/16
   853 | D        | Noticed a five-headed hydra
   853 | D        | Noticed a cane toad
   853 | D        | Noticed a cane toad
   854 | D        | Noticed an eight-headed hydra
   856 | D        | Reached skill level 10 in Dodging
   857 | D        | Killed a cane toad
   857 | D        | Killed a cane toad
   857 | D        | Reached ***** piety under Cheibriados
   859 | D        | Killed a five-headed hydra
   860 | D        | Gained mutation: You sometimes gain a little power by
                  | taking damage. [demonic ancestry]
   860 | D        | Reached XP level 10. HP: 55/82 MP: 6/17
   864 | D        | Killed an eight-headed hydra
   935 | D        | Reached ****** piety under Cheibriados
  1006 | D        | Noticed a four-headed hydra
  1006 | D        | Noticed a cane toad
  1006 | D        | Noticed a black mamba
  1011 | D        | Killed a four-headed hydra
  1012 | D        | Reached skill level 12 in Unarmed Combat
  1014 | D        | Killed a black mamba
  1016 | D        | Killed a cane toad
  1017 | D        | Reached skill level 10 in Fighting
  1022 | D        | Reached skill level 10 in Armour
  1070 | D        | Noticed an elephant
  1070 | D        | Noticed an elephant
  1070 | D        | Noticed an elephant
  1070 | D        | Noticed a dire elephant
  1070 | D        | Noticed an elephant
  1070 | D        | Noticed an elephant
  1075 | D        | Killed an elephant
  1087 | D        | Killed a dire elephant
  1088 | D        | Reached skill level 13 in Unarmed Combat
  1088 | D        | Reached XP level 11. HP: 75/92 MP: 12/18
  1352 | D        | Noticed an orc sorcerer
  1352 | D        | Noticed an orc sorcerer
  1355 | D        | Killed an orc sorcerer
  1356 | D        | Reached skill level 14 in Unarmed Combat
  1356 | D        | Noticed an orc knight
  1360 | D        | Killed an orc sorcerer
  1368 | D        | Killed an orc knight
  1438 | D        | Noticed an orc knight
  1445 | D        | Killed an orc knight
  1468 | D        | Noticed an orc knight
  1482 | D        | Killed an orc knight
  1698 | D        | Found Zyextouf's Book Emporium.
  1698 | D        | Noticed a two-headed ogre
  1698 | D        | Noticed a two-headed ogre
  1698 | D        | Noticed a two-headed ogre
  1698 | D        | Noticed an ogre mage
  1698 | D        | Noticed a two-headed ogre
  1700 | D        | Killed a two-headed ogre
  1700 | D        | Noticed a two-headed ogre
  1701 | D        | Reached skill level 15 in Unarmed Combat
  1701 | D        | Killed a two-headed ogre
  1702 | D        | Killed a two-headed ogre
  1702 | D        | Paralysed by an ogre mage for 7 turns
  1709 | D        | Noticed an ogre mage
  1710 | D        | Killed an ogre mage
  1710 | D        | Killed a two-headed ogre
  1711 | D        | Gained mutation: You may rarely emit foul miasma when
                  | damaged in melee. [demonic ancestry]
  1711 | D        | Reached XP level 12. HP: 87/103 MP: 5/19
  1714 | D        | Killed a two-headed ogre
  1716 | D        | Found Kecrages's General Store.
  1719 | D        | Killed an ogre mage
  1722 | D        | Found Heda's Distillery.
  1726 | D        | Found Fewuxaq's Jewellery Shoppe.
  1729 | D        | Bought a book of Vapours for 264 gold pieces
  1729 | D        | Bought a Grand Grimoire for 374 gold pieces
  1729 | D        | Noticed an ogre mage
  1730 | D        | Noticed a two-headed ogre
  1735 | D        | Killed an ogre mage
  1736 | D        | Reached skill level 16 in Unarmed Combat
  1738 | D        | Killed a two-headed ogre
  1745 | D        | Bought a ring of protection from fire for 250 gold pieces
  1989 | D        | Learned a level 5 spell: Freezing Cloud
  2027 | D        | Noticed Erica
  2033 | D        | Killed Erica
  2048 | D        | Noticed Psyche
  2059 | D        | Killed Psyche
  2076 | D        | Noticed Urug
  2083 | D        | Killed Urug
  2217 | D        | Noticed a centaur warrior
  2217 | D        | Noticed a boulder beetle
  2217 | D        | Noticed an ogre mage
  2217 | D        | Noticed a centaur warrior
  2217 | D        | Noticed a centaur warrior
  2219 | D        | Killed a centaur warrior
  2222 | D        | Noticed an ogre mage
  2224 | D        | Killed a boulder beetle
  2225 | D        | Killed an ogre mage
  2226 | D        | Noticed an ettin
  2227 | D        | Killed a centaur warrior
  2228 | D        | Killed a centaur warrior
  2229 | D        | Reached skill level 17 in Unarmed Combat
  2232 | D        | Killed an ogre mage
  2244 | D        | Noticed a rakshasa
  2247 | D        | Killed an ettin
  2258 | D        | Killed a rakshasa
  2259 | D        | Reached XP level 13. HP: 86/113 MP: 20/20
  2281 | D        | Noticed a frost giant
  2282 | D        | Noticed a fire dragon
  2289 | D        | Killed a frost giant
  2295 | D        | Killed a fire dragon
  2296 | D        | Reached skill level 15 in Dodging
  2296 | D        | Reached skill level 18 in Unarmed Combat
  2546 | D        | Noticed Nergalle
  2551 | D        | Killed Nergalle
  2582 | D        | Noticed a nagaraja
  2594 | D        | HP: 5/114 [asphyx]
  2594 | D        | HP: 2/114 [nagaraja/splash of poison (3)]
  2594 | D        | Slain by a nagaraja

Illustrated notes

Levels and vault maps discovered:
D:        linesprint [early_d, line_temple, items_1, d_10, items_2, lair_1,
          lair_end, items_3, orc_1, orc_end, items_4, d_15, swamp_1, shoals_1,
          snake_1, spider_1, d_20, vaults_1, items_5, swamp_end, shoals_end,
          snake_end, spider_end, vaults_end, d_27, items_6, zot_1, zot_end,
          crypt_end, forest_end, elf_end, slime_end, tomb_end, abyss_end,
          pan_hell_end]

Skill      XL: |  1  2  3  4  5  6  7  8  9 10 11 12 13 |
---------------+----------------------------------------+-----
Unarmed Combat | 5 6 8 10 11 13 15 17 18 | 18.4
Dodging        | 4 6 7 8 9 10 12 13 14 15 | 15.3
Armour         | 2 3 5 7 8 10 12 13 14 | 14.1
Invocations    | 4 5 7 10 | 10.0
Evocations     | 3 4 5 7 9 |  9.5
Fighting       | 4 6 8 10 12 14 | 14.8
Stealth        | |  1.7

Action                   |  1- 3 |  4- 6 |  7- 9 | 10-12 | 13-15 || total
-------------------------+-------+-------+-------+-------+-------++-------
Melee: Unarmed           |    24 |    38 |    15 |   172 |    29 ||   278
       Punch             |     1 |     2 |     2 |    29 |     7 ||    41
       Kick              |     1 |    13 |     7 |    48 |       ||    69
Invok: Temporal Distorti |       |       |     2 |     2 |     1 ||     5
       Slouch            |       |       |     4 |    12 |     3 ||    19
       Bend Time         |       |       |     1 |     2 |       ||     3
Evoke: Wand              |       |       |    10 |     2 |       ||    12
  Use: Potion            |     2 |     3 |     7 |       |     2 ||    14
       Scroll            |       |       |     2 |       |       ||     2
 Stab: Invisible         |       |     3 |     1 |       |       ||     4
Armor: Robe              |     2 |     3 |       |       |       ||     5
       Plate armour      |       |    11 |    15 |    54 |    16 ||    96
Dodge: Dodged            |     9 |    26 |    16 |   102 |    26 ||   179

Table legend: (Time is in decaauts)
 A = Elapsed time spent in this place.
 B = Non-inter-level travel time spent in this place.
 C = Inter-level travel time spent in this place.
 D = Time resting spent in this place.
 E = Time spent auto-exploring this place.
 F = Levels seen in this place.
 G = Mean time per level.
                   A        B        C        D        E       F      G
               +--------+--------+--------+--------+--------+-----+--------+
         Total |   3129 |   3129 |      0 |   1408 |      0 |   1 | 3129.0 |
       Dungeon |   3129 |   3129 |      0 |   1408 |      0 |   1 | 3129.0 |
               +--------+--------+--------+--------+--------+-----+--------+

Top non-repeatable levels by time:
       D: 3129 daAuts
